 Dungeon Sprint DCSS version 0.17-a0-1804-gf6433eb (webtiles) character file.

128883 Kidiri the Imperceptible (level 15, -6/69 HPs)
             Began as a Spriggan Enchanter on Sept 11, 2015.
             Was the Champion of Dithmenos.
             Mangled by Mennas
             ... wielding a +5 scimitar of holy wrath
              (9 damage)
             ... in the Dungeon (Sprint III: "The Ten Rune Challenge").
             The game lasted 02:29:11 (10553 turns).

Kidiri the Imperceptible (Spriggan Enchanter)      Turns: 10553, Time: 02:29:12

Health: -6/69      AC: 15    Str:  8      XL:     15   Next: 81%
Magic:  37/50      EV: 44    Int: 20 (21) God:    Dithmenos [******]
Gold:   1514       SH:  2    Dex: 27      Spells: 17 memorised, 3 levels left

rFire  x . .     SeeInvis +     B - +7 rapier of Chagrin {vamp, +Inv rElec rN+}
rCold  + + .     Clarity  +     y - +2 robe of Chill Winds {rPois rN+ rCorr MP+9}
rNeg   + + .     SustAt   .     (shield restricted)
rPois  +         Gourm    .     w - +2 hat
rElec  +         Spirit   .     D - +1 cloak
rCorr  +         Warding  .     (gloves unavailable)
rMut   .         NoTele   +     (boots unavailable)
MR     ++...                    E - amulet of clarity
Stlth  ++++++++++               C - ring of flight
                                Z - ring "Askietuq" {Ice Str+2 Dex+6}

@: stone skin, flying, very quick, very resistant to hostile enchantments,
uncannily stealthy
A: unfitting armour, large bone plates 1, see invisible, agile 1, blink 1, cold
resistance 1, deterioration 1, herbivore 3, speed 3, robust 1, slow metabolism
2, strong 1
a: Blink, Shadow Step, Shadow Form, Renounce Religion, Evoke Invisibility, Stop
Flying
}: 2/10 runes: decaying, barnacled


You were in the Dungeon.
You worshipped Dithmenos.
Dithmenos was exalted by your worship.
You were not hungry.

You visited 1 branch You collected 5427 gold pieces.
You spent 3913 gold pieces at shops.

Inventory:

Hand weapons
 B - the +7 rapier of Chagrin (weapon) {vamp, +Inv rElec rN+}
   (You bought it in a shop in the Dungeon)

   It inflicts no extra harm, but heals its wielder somewhat when it strikes a
   living foe.
   It insulates you from electricity.
   It protects you from negative energy.
   It lets you turn invisible.
Armour
 w - a +2 hat (worn)
 y - the +2 robe of Chill Winds (worn) {rPois rN+ rCorr MP+9}
   (You bought it in a shop in the Dungeon)

   It protects you from poison.
   It protects you from negative energy.
   It affects your magic capacity (+9).
   It protects you from acid and corrosion.
 D - a +1 cloak (worn)
Jewellery
 d - an uncursed ring of wizardry
 m - an uncursed amulet of resist mutation
 C - a ring of flight (right hand)
 E - an amulet of clarity (around neck)
 M - the ring of Ythuxomn {rPois rN+}
   (You found it in the Dungeon)

   [ring of poison resistance]

   It protects you from poison.
   It protects you from negative energy.
 Z - the ring "Askietuq" (left hand) {Ice Str+2 Dex+6}
   (You took it off a deep elf annihilator in the Dungeon)

   [ring of ice]

   It enhances your ice magic, and weakens your fire magic.
   It affects your strength (+2).
   It affects your dexterity (+6).
   It makes you vulnerable to fire.
   It protects you from cold.
Magical devices
 f - a wand of enslavement (11)
 o - a wand of invisibility (8)
Scrolls
 b - a scroll of fear
 e - a scroll of recharging
 l - a scroll of enchant armour {unknown}
 s - a scroll of torment
 t - a scroll of magic mapping
 u - 6 scrolls of remove curse
 F - a scroll of fog
 V - 4 scrolls of amnesia
 Y - a scroll of silence {unknown}
Potions
 c - 2 potions of heal wounds
 g - a potion of haste
 h - a potion of might
 i - 2 potions of berserk rage
 n - 4 potions of curing
 q - 4 potions of cure mutation
 r - 2 potions of cancellation
 v - a potion of flight
 x - a potion of agility
 z - a potion of invisibility
 A - a potion of resistance
Books
 a - a book of Clouds

   Spells                             Type                      Level
   a - Mephitic Cloud                 Conjuration/Poison/Air       3
   b - Conjure Flame                  Conjuration/Fire             3
   c - Poisonous Cloud                Conjuration/Poison/Air       6
   d - Freezing Cloud                 Conjuration/Ice/Air          6
   e - Ring of Flames                 Charms/Fire                  7
 k - a book of the Earth

   Spells                             Type                      Level
   a - Leda's Liquefaction            Hexes/Earth                  4
   b - Bolt of Magma                  Conjuration/Fire/Earth       5
   c - Statue Form                    Transmutation/Earth          6
   d - Iron Shot                      Conjuration/Earth            6
   e - Shatter                        Earth                        9
Comestibles
 j - 2 fruits
 p - 28 royal jellies
 G - a bread ration


   Skills:
 + Level 14.3 Short Blades
 * Level 24.0 Dodging
 * Level 25.7 Stealth
 * Level 21.0 Spellcasting
 + Level 10.2 Conjurations
 + Level 15.7 Hexes
 + Level 12.2 Charms
 + Level 15.7 Translocations
 + Level 15.7 Transmutations
 + Level 11.1 Ice Magic
 + Level 7.4 Air Magic
 + Level 11.6 Earth Magic
 + Level 8.1 Poison Magic
 - Level 2.5 Invocations
 + Level 10.0 Evocations


You had 3 spell levels left.
You knew the following spells:

 Your Spells              Type           Power        Failure   Level  Hunger
a - Corona                Hex            ######.      0%          1    None
b - Ensorcelled Hibernat  Hex/Ice        ######       0%          2    None
c - Confuse               Hex            ######..     0%          3    None
d - Tukima's Dance        Hex            ######..     0%          3    None
e - Dazzling Spray        Conj/Hex       ######..     1%          3    None
f - Stoneskin             Trmt/Erth      ######..     0%          2    None
g - Stone Arrow           Conj/Erth      ######       1%          3    None
h - Passwall              Trmt/Erth      ######....   1%          3    None
i - Petrify               Trmt/Erth      ######..     1%          4    None
j - Lee's Rapid Deconstr  Erth           ######....   1%          5    None
k - Gell's Gravitas       Hex/Tloc       ######....   0%          3    None
l - Metabolic Englaciati  Hex/Ice        #######...   1%          5    None
m - Apportation           Tloc           ######....   0%          1    None
n - Shroud of Golubria    Chrm/Tloc      ######....   0%          2    None
o - Passage of Golubria   Tloc           N/A          1%          4    None
p - Mephitic Cloud        Conj/Pois/Air  ######..     1%          3    None
q - Freezing Cloud        Conj/Ice/Air   ######....   10%         6    ####...


Dungeon Overview and Level Annotations

Branches:
Dungeon (1/1)

Altars:
Cheibriados
Dithmenos
Elyvilon
Fedhas
Gozag
Kikubaaqudgha
Makhleb
Nemelex Xobeh
Okawaru
Qazlal
Ru
Sif Muna
Trog
Vehumet
Xom
Yredelemnul
Zin
The Shining One
Jiyva
Lugonu

Shops:
D [?=:((!%[}[}?([:}=%!(%[!

Annotations:
D exclusion: 2 statues, Mennas


Innate Abilities, Weirdness & Mutations

You are tiny and cannot use many weapons and most armour.
You have supernaturally acute eyesight.
You are a herbivore.
You cover ground extremely quickly.
You need consume almost no food.
You are partially covered in large bone plates (AC +2, SH +2).
You are agile. (Dex +2)
You can translocate small distances at will.
Your flesh is cold resistant.
Your body sometimes deteriorates upon taking damage.
You are robust (+10% HP).
Your muscles are strong. (Str +2)


Message History

Okay, then.
Unknown command.
Unknown command.
Unknown command.
Unknown command.
Unknown command.
Unknown command.
Unknown command.
Use which ability?
You feel very buoyant.
You fly up into the air.
You feel somewhat more hungry.
Mennas hits you with a scimitar of holy wrath!!
* * * LOW HITPOINT WARNING * * *
Your body deteriorates!
You feel dopey.
You emit a cloud of dark smoke.
Mennas completely misses you.
Mennas hits you with a scimitar of holy wrath!
* * * LOW HITPOINT WARNING * * *
You emit a cloud of dark smoke.
Mennas hits you with a scimitar of holy wrath!
You die...

≈§§#§#.#...##.#.#.##...≈≈########
§§§#§#.#(..#.#.#.#.#...≈≈≈≈##§...
§§§#...#((.##.#.#.##...≈≈≈≈##§###
▓▓▓▓▓▓▓▓▓▓▓#.#.#.#.#.......##§§..
.....≈≈≈...##.#.#.##.......######
≈≈≈≈≈≈≈♣♣P.+.#.#.#.#.......##....
♣♣♣♣♣♣♣♣♣PP##.#.#.#############+#
♣♣♣##'###############...#
♣♣♣♣♣♣♣♣♣♣♣#..§§@§≈≈≈##≈.≈≈≈##...
≈≈≈≈≈≈..#[/#..§#§A§≈§#§)≈#≈§#....
≈≈≈≈≈.§.#[)#).(#§#§§§##}##≈≈#..#.
+≈≈≈≈§####+#####§#)§§§###≈≈≈#)#.#
#≈≈.)§).)§§#.PPP.###≈≈≈§§≈≈≈#####
#≈.(+#######..PP.#G#)§§§§≈≈≈#[..#
#...#(.....#.)[.P#+###≈§≈≈≈≈#%..#
....#♣♣♣._.#...[P#,,,#)§≈≈≈≈##+##
############'#####,,,###≈≈###....


You could see Mennas.

Vanquished Creatures
  Boris (D)
  the Lernaean hydra (D)
  Norris (D)
  2 liches (D)
  Rupert (D)
  A deep elf master archer (D)
  A kraken (D)
  Gastronok (D)
  2 sphinxes (D)
  Harold (D)
  Chuck (D)
  2 shadow dragons (D)
  Roxanne (D)
  4 azure jellies (D)
  Maud (D)
  A deep elf demonologist (D)
  3 deep elf annihilators (D)
  Azrael (D)
  2 dire elephants (D)
  6 mummy priests (D)
  2 deep elf death magi (D)
  A fire dragon (D)
  3 hydras (D)
  A yaktaur captain (D)
  A ghost crab (shapeshifter) (D)
  Erica (D)
  An ogre mage (D)
  4 death yaks (D)
  2 alligator snapping turtles (D)
  2 centaur warriors (D)
  4 dancing weapons (D)
  A titan zombie (D)
  4 hell knights (D)
  An iron golem (D)
  A deep elf knight (D)
  A shock serpent (shapeshifter) (D)
  A death drake (D)
  A skeletal warrior (D)
  2 swamp dragons (D)
  2 unseen horrors (D)
  2 deep elf summoners (D)
  2 anaconda zombies (D)
  An obsidian statue (D)
  Joseph (D)
  An orc knight (D)
  2 deep elf conjurers (D)
  7 ugly things (D)
  A lindwurm (D)
  2 oklob plants (D)
  4 crystal guardians (D)
  A wolf spider (shapeshifter) (D)
  2 hornets (D)
  2 black mambas (D)
  2 elephants (D)
  A stone giant skeleton (D)
  4 statues (D)
  An orange crystal statue (D)
  A komodo dragon (D)
  2 spiny frogs (D)
  A fire drake (D)
  A queen bee (D)
  3 wandering mushrooms (D)
  4 yaktaurs (D)
  6 guardian mummies (D)
  4 spriggan defenders (D)
  A deep elf priest (D)
  8 blink frogs (D)
  2 orc high priests (D)
  4 snapping turtles (D)
  3 slime creatures (D)
  3 redbacks (D)
  A spriggan (D)
  A shadow (D)
  2 iron troll simulacra (D)
  A spatial vortex (D)
  2 hydra simulacra (D)
  3 swamp drakes (D)
  2 fire dragon simulacra (D)
  A wasp (D)
  A necrophage (D)
  An orc warrior (D)
  2 centaurs (D)
  An earth elemental (D)
  A water elemental (D)
  2 brain worms (D)
  32 killer bees (D)
  Crazy Yiuf (D)
  3 orc priests (D)
  A jelly (D)
  6 orc wizards (D)
  Jessica (D)
  A wizard (D)
  2 necromancers (D)
  A polar bear simulacrum (D)
  A kobold demonologist (D)
  3 humans (D)
  An ooze (D)
  7 orcs (D)
  2 rats (D)
  A fungus (D)
  A plant (D)
  2 tentacles (D)
236 creatures vanquished.

Vanquished Creatures (collateral kills)
  An orc high priest (D)
  An orc priest (D)
2 creatures vanquished.

Vanquished Creatures (others)
  2 draconian scorchers (D)
  Nessos (D)
  A spriggan druid (D)
  3 yaktaurs (D)
  A spriggan (D)
  A fire dragon simulacrum (D)
  An electric eel (D)
  A bush (D)
  3 fungi (D)
  5 plants (D)
  45 tentacles (D)
  218 tentacle segments (D)
282 creatures vanquished.

Grand Total: 520 creatures vanquished

Notes
Turn   | Place    | Note
--------------------------------------------------------------
     0 | D        | Kidiri the Spriggan Enchanter began the quest for the Orb.
     0 | D        | Reached XP level 1. HP: 9/9 MP: 5/5
    17 | D        | Reached skill level 5 in Stealth
    57 | D        | Noticed Jessica
    88 | D        | Killed Jessica
    88 | D        | Reached skill level 5 in Dodging
    88 | D        | Reached skill level 6 in Stealth
    88 | D        | Reached XP level 2. HP: 11/13 MP: 4/8
    88 | D        | Reached XP level 3. HP: 13/16 MP: 5/10
    96 | D        | Learned a level 2 spell: Ensorcelled Hibernation
   100 | D        | Learned a level 3 spell: Confuse
   104 | D        | Learned a level 3 spell: Tukima's Dance
   161 | D        | Noticed Crazy Yiuf
   166 | D        | Killed Crazy Yiuf
   166 | D        | Reached skill level 5 in Spellcasting
   170 | D        | Reached skill level 7 in Stealth
   170 | D        | Reached skill level 5 in Hexes
   170 | D        | Reached skill level 1 in Ice Magic
   170 | D        | Reached XP level 4. HP: 21/21 MP: 8/12
   175 | D        | Learned a level 3 spell: Dazzling Spray
   214 | D        | Killed a white draconian scorcher
   216 | D        | Gained mutation: Your muscles are strong. (Str +2) [potion of mutation]
   216 | D        | Gained mutation: You can translocate small distances at will. [potion of mutation]
   216 | D        | Gained mutation: Your body sometimes deteriorates upon taking damage. [potion of mutation]
   217 | D        | Gained mutation: Your spells are a little harder to cast, but a little more powerful. [potion of mutation]
   217 | D        | Lost mutation: Your spells are a little harder to cast, but a little more powerful. [potion of mutation]
   217 | D        | Gained mutation: You are agile. (Dex +2) [potion of mutation]
   244 | D        | Noticed a water elemental
   247 | D        | Killed a water elemental
   247 | D        | Reached skill level 8 in Stealth
   247 | D        | Reached skill level 1 in Conjurations
   247 | D        | Reached XP level 5. HP: 24/24 MP: 12/14
   265 | D        | Noticed a jelly
   266 | D        | Noticed a shadow
   268 | D        | Killed a shadow
   268 | D        | Reached skill level 9 in Dodging
   268 | D        | Reached XP level 6. HP: 28/28 MP: 14/17
   272 | D        | Killed a jelly
   272 | D        | Reached skill level 10 in Stealth
   277 | D        | Found a stormy altar of Qazlal.
   277 | D        | Noticed a spatial vortex
   278 | D        | Found a sacrificial altar of Ru.
   278 | D        | Found a burning altar of Makhleb.
   278 | D        | Found a viscous altar of Jiyva.
   278 | D        | Found a shimmering altar of Xom.
   278 | D        | Found a shadowy altar of Dithmenos.
   278 | D        | Found a sparkling altar of Nemelex Xobeh.
   278 | D        | Found a corrupted altar of Lugonu.
   278 | D        | Found an opulent altar of Gozag.
   282 | D        | Became a worshipper of Dithmenos the Shadowed
   298 | D        | Killed a spatial vortex
   298 | D        | Reached skill level 5 in Short Blades
   298 | D        | Reached skill level 1 in Invocations
   310 | D        | Killed a white draconian scorcher
   389 | D        | Killed a yaktaur
   395 | D        | Found a radiant altar of Vehumet.
   396 | D        | Found a deep blue altar of Sif Muna.
   396 | D        | Found an ancient bone altar of Kikubaaqudgha.
   396 | D        | Noticed a wizard
   397 | D        | Killed a wizard
   397 | D        | Reached skill level 10 in Dodging
   412 | D        | Learned a level 2 spell: Stoneskin
   416 | D        | Learned a level 3 spell: Stone Arrow
   420 | D        | Learned a level 3 spell: Passwall
   424 | D        | Found a glowing silver altar of Zin.
   425 | D        | Found a glowing golden altar of the Shining One.
   425 | D        | Found a white marble altar of Elyvilon.
   425 | D        | Noticed a deep elf priest
   439 | D        | Killed a deep elf priest
   439 | D        | Reached skill level 11 in Stealth
   439 | D        | Reached skill level 1 in Earth Magic
   439 | D        | Reached XP level 7. HP: 10/32 MP: 9/20
   649 | D        | Killed an electric eel
   760 | D        | Found an iron altar of Okawaru.
   761 | D        | Found a bloodstained altar of Trog.
   761 | D        | Noticed a human
   761 | D        | Noticed a human
   763 | D        | Killed a human
   764 | D        | Killed a human
   764 | D        | Acquired Dithmenos's first power
   764 | D        | Reached skill level 12 in Stealth
   780 | D        | Learned a level 5 spell: Lee's Rapid Deconstruction
   784 | D        | Found a snail-covered altar of Cheibriados.
   784 | D        | Noticed a necrophage
   785 | D        | Found a basalt altar of Yredelemnul.
   785 | D        | Found a blossoming altar of Fedhas.
   785 | D        | Noticed a necromancer
   786 | D        | Killed a necrophage
   786 | D        | Reached XP level 8. HP: 36/36 MP: 22/22
   787 | D        | Killed a necromancer
   806 | D        | Noticed Erica
   814 | D        | Killed Erica
   814 | D        | Reached skill level 13 in Stealth
   814 | D        | Reached skill level 10 in Spellcasting
   847 | D        | Noticed an earth elemental
   850 | D        | Killed an earth elemental
   855 | D        | Noticed a centaur
   855 | D        | Noticed a centaur warrior
   855 | D        | Noticed a centaur
   857 | D        | Killed a centaur warrior
   857 | D        | Reached skill level 14 in Stealth
   857 | D        | Reached skill level 5 in Transmutations
   857 | D        | Reached XP level 9. HP: 39/39 MP: 19/25
   858 | D        | Killed a centaur
   858 | D        | Acquired Dithmenos's second power
   859 | D        | Killed a centaur
   859 | D        | Reached skill level 5 in Ice Magic
   865 | D        | Learned a level 4 spell: Petrify
   937 | D        | Noticed an unseen horror
   937 | D        | Noticed an unseen horror
   940 | D        | Killed an unseen horror
   942 | D        | Killed an unseen horror
   947 | D        | Learned a level 3 spell: Gell's Gravitas
   956 | D        | Noticed a killer bee
   956 | D        | Noticed a killer bee
   956 | D        | Noticed a killer bee
   956 | D        | Noticed a killer bee
   956 | D        | Noticed a killer bee
   956 | D        | Noticed a killer bee
   956 | D        | Noticed a killer bee
   956 | D        | Noticed a killer bee
   956 | D        | Noticed a killer bee
   956 | D        | Noticed a killer bee
   956 | D        | Noticed a killer bee
   956 | D        | Noticed a killer bee
   956 | D        | Noticed a killer bee
   956 | D        | Noticed a killer bee
   956 | D        | Noticed a killer bee
   957 | D        | Noticed a killer bee
   957 | D        | Noticed a killer bee
   957 | D        | Noticed a killer bee
   957 | D        | Noticed a queen bee
   957 | D        | Noticed a killer bee
   957 | D        | Noticed a killer bee
   957 | D        | Noticed a killer bee
   957 | D        | Noticed a killer bee
   957 | D        | Noticed a killer bee
   957 | D        | Noticed a killer bee
   957 | D        | Noticed a killer bee
   957 | D        | Noticed a killer bee
   957 | D        | Noticed a killer bee
   957 | D        | Noticed a killer bee
   957 | D        | Noticed a killer bee
   957 | D        | Noticed a killer bee
   957 | D        | Noticed a killer bee
   957 | D        | Noticed a killer bee
   958 | D        | Killed a killer bee
   958 | D        | Acquired Dithmenos's third power
   958 | D        | Reached skill level 15 in Stealth
   959 | D        | Killed a killer bee
   960 | D        | Killed a killer bee
   963 | D        | Killed a killer bee
   966 | D        | Killed a killer bee
   969 | D        | Killed a killer bee
   969 | D        | Reached skill level 1 in Translocations
   969 | D        | Reached XP level 10. HP: 38/44 MP: 14/27
   972 | D        | Killed a killer bee
   972 | D        | Acquired Dithmenos's fourth power
   974 | D        | Killed a killer bee
   976 | D        | Killed a killer bee
   978 | D        | Killed a killer bee
   980 | D        | Killed a killer bee
  1115 | D        | Killed a yaktaur
  1116 | D        | Killed a killer bee
  1117 | D        | Killed a killer bee
  1117 | D        | Killed a killer bee
  1118 | D        | Killed a killer bee
  1119 | D        | Killed a killer bee
  1121 | D        | Killed a killer bee
  1123 | D        | Killed a killer bee
  1125 | D        | Killed a killer bee
  1125 | D        | Reached skill level 5 in Earth Magic
  1127 | D        | Killed a killer bee
  1129 | D        | Killed a killer bee
  1131 | D        | Killed a killer bee
  1134 | D        | Killed a killer bee
  1136 | D        | Killed a killer bee
  1138 | D        | Killed a killer bee
  1157 | D        | Killed a killer bee
  1295 | D        | Killed a killer bee
  1298 | D        | Killed a killer bee
  1301 | D        | Killed a killer bee
  1303 | D        | Killed a killer bee
  1305 | D        | Killed a killer bee
  1308 | D        | Killed a killer bee
  1311 | D        | Killed a queen bee
  1311 | D        | Reached skill level 5 in Conjurations
  1439 | D        | Noticed a wandering mushroom
  1440 | D        | Noticed a wandering mushroom
  1440 | D        | Noticed a wandering mushroom
  1441 | D        | Killed a wandering mushroom
  1445 | D        | Killed a wandering mushroom
  1446 | D        | Killed a wandering mushroom
  1446 | D        | Reached skill level 16 in Stealth
  1446 | D        | Reached skill level 10 in Hexes
  1487 | D        | Noticed a spiny frog
  1487 | D        | Noticed a komodo dragon
  1487 | D        | Noticed a spiny frog
  1490 | D        | Killed a spiny frog
  1492 | D        | Killed a komodo dragon
  1492 | D        | Reached skill level 15 in Dodging
  1493 | D        | Killed a spiny frog
  1494 | D        | Noticed a redback
  1496 | D        | Killed a redback
  1497 | D        | Noticed a brain worm
  1501 | D        | Killed a brain worm
  1504 | D        | Noticed a brain worm
  1507 | D        | Killed a brain worm
  1513 | D        | Noticed a lindwurm
  1515 | D        | Noticed a redback
  1516 | D        | Killed a lindwurm
  1516 | D        | Reached skill level 5 in Translocations
  1519 | D        | Killed a redback
  1519 | D        | Reached XP level 11. HP: 47/47 MP: 26/29
  1524 | D        | Noticed a redback
  1525 | D        | Killed a redback
  1526 | D        | Noticed Maud
  1529 | D        | Killed Maud
  1529 | D        | Reached skill level 17 in Stealth
  1542 | D        | Learned a level 5 spell: Metabolic Englaciation
  1544 | D        | Noticed a four-headed hydra
  1544 | D        | Noticed an eight-headed hydra
  1546 | D        | Killed a four-headed hydra
  1547 | D        | Killed an eight-headed hydra
  1571 | D        | Noticed a death drake
  1574 | D        | Killed a death drake
  1584 | D        | Found a blossoming altar of Fedhas.
  1584 | D        | Noticed a spriggan
  1584 | D        | Noticed a spriggan druid
  1584 | D        | Noticed a spriggan
  1680 | D        | Killed a spriggan
  1759 | D        | Killed a spriggan druid
  1867 | D        | Killed a spriggan
  1909 | D        | Noticed a snapping turtle
  1909 | D        | Noticed a kraken
  2108 | D        | Killed a yaktaur
  2270 | D        | Killed a snapping turtle
  2767 | D        | Killed a kraken
  2767 | D        | Reached skill level 18 in Stealth
  2809 | D        | Noticed a snapping turtle
  2859 | D        | Killed a snapping turtle
  2959 | D        | Noticed an alligator snapping turtle
  2959 | D        | Noticed a snapping turtle
  2960 | D        | Noticed an alligator snapping turtle
  2960 | D        | Noticed a snapping turtle
  2960 | D        | Found Ryig's Antique Weapon Shop.
  2960 | D        | Found Veruekk's Book Emporium.
  2960 | D        | Found Qichoddi's Distillery.
  2961 | D        | Killed an alligator snapping turtle
  2961 | D        | Reached skill level 10 in Short Blades
  2963 | D        | Killed an alligator snapping turtle
  2963 | D        | Reached skill level 10 in Transmutations
  2969 | D        | Killed a snapping turtle
  2977 | D        | Killed a snapping turtle
  2984 | D        | Got a barnacled rune of Zot
  3041 | D        | Noticed a swamp drake
  3041 | D        | Noticed a fire drake
  3042 | D        | Killed a fire drake
  3044 | D        | Killed a swamp drake
  3051 | D        | Noticed a blink frog
  3051 | D        | Noticed a blink frog
  3052 | D        | Noticed a blink frog
  3052 | D        | Noticed a blink frog
  3052 | D        | Noticed a blink frog
  3053 | D        | Killed a blink frog
  3053 | D        | Reached skill level 15 in Spellcasting
  3054 | D        | Killed a blink frog
  3054 | D        | Reached XP level 12. HP: 51/51 MP: 26/32
  3056 | D        | Killed a blink frog
  3058 | D        | Killed a blink frog
  3060 | D        | Killed a blink frog
  3119 | D        | Noticed Rupert
  3123 | D        | Killed Rupert
  3123 | D        | Reached skill level 19 in Stealth
  3144 | D        | Noticed a death yak
  3145 | D        | Noticed a death yak
  3145 | D        | Noticed a blink frog
  3146 | D        | Noticed an azure jelly
  3146 | D        | Noticed a death yak
  3146 | D        | Noticed an azure jelly
  3146 | D        | Noticed a blink frog
  3146 | D        | Noticed a death yak
  3147 | D        | Killed a death yak
  3148 | D        | Killed a death yak
  3149 | D        | Killed a blink frog
  3150 | D        | Noticed a blink frog
  3150 | D        | Noticed a black mamba
  3151 | D        | Killed a death yak
  3152 | D        | Noticed a black mamba
  3153 | D        | Killed a death yak
  3154 | D        | Killed a blink frog
  3155 | D        | Killed a blink frog
  3157 | D        | Killed a black mamba
  3158 | D        | Killed a black mamba
  3193 | D        | Noticed a swamp drake
  3195 | D        | Killed a swamp drake
  3199 | D        | Noticed a swamp drake
  3200 | D        | Found Sewuraro's Antique Armour Shoppe.
  3201 | D        | Killed a swamp drake
  3204 | D        | Found Jyakife's Magic Scroll Boutique.
  3204 | D        | Noticed a swamp dragon
  3205 | D        | Found Fuegeiti's Jewellery Emporium.
  3206 | D        | Killed a swamp dragon
  3216 | D        | Noticed a swamp dragon
  3376 | D        | Noticed an azure jelly
  3376 | D        | Noticed an azure jelly
  3377 | D        | Noticed an elephant
  3377 | D        | Noticed an elephant
  3377 | D        | Noticed a dire elephant
  3377 | D        | Noticed a dire elephant
  3377 | D        | Noticed Gastronok
  3406 | D        | Killed a dire elephant
  3406 | D        | Reached skill level 20 in Stealth
  3406 | D        | Reached skill level 10 in Translocations
  3559 | D        | Killed an elephant
  3563 | D        | Killed an elephant
  3574 | D        | Killed a dire elephant
  3649 | D        | Killed Gastronok
  3867 | D        | Noticed the 27-headed Lernaean hydra
  3877 | D        | Killed a swamp dragon
  3877 | D        | Reached XP level 13. HP: 55/55 MP: 19/34
  4085 | D        | Noticed an orc wizard
  4086 | D        | Noticed an orc priest
  4086 | D        | Noticed an orc wizard
  4089 | D        | Found Colit's Antique Weapon Emporium.
  4089 | D        | Noticed an orc knight
  4089 | D        | Noticed an orc wizard
  4089 | D        | Noticed an orc warrior
  4089 | D        | Noticed an orc priest
  4089 | D        | Noticed an orc wizard
  4089 | D        | Noticed an orc wizard
  4089 | D        | Noticed an orc priest
  4089 | D        | Noticed an orc wizard
  4092 | D        | Killed an orc wizard
  4095 | D        | Killed an orc priest
  4098 | D        | Killed an orc priest
  4103 | D        | Killed an orc wizard
  4109 | D        | Killed an orc knight
  4110 | D        | Killed an orc priest
  4112 | D        | Killed an orc wizard
  4119 | D        | Killed an orc wizard
  4148 | D        | Killed an orc wizard
  4155 | D        | Killed an orc wizard
  4199 | D        | Killed an orc warrior
  4366 | D        | Bought a book of Spatial Translocations for 910 gold pieces
  4369 | D        | Bought a potion of agility for 52 gold pieces
  4369 | D        | Bought a potion of heal wounds for 65 gold pieces
  4369 | D        | Bought a potion of invisibility for 104 gold pieces
  4369 | D        | Bought a potion of mutation for 32 gold pieces
  4369 | D        | Bought a potion of heal wounds for 65 gold pieces
  4369 | D        | Bought a potion of heal wounds for 65 gold pieces
  4369 | D        | Bought a potion of mutation for 32 gold pieces
  4369 | D        | Bought a potion of cancellation for 104 gold pieces
  4369 | D        | Gained mutation: You are robust (+10% HP). [potion of mutation]
  4369 | D        | Gained mutation: You tend to lose your temper in combat. [potion of mutation]
  4369 | D        | Gained mutation: Your flesh is cold resistant. [potion of mutation]
  4370 | D        | Lost mutation: You tend to lose your temper in combat. [potion of mutation]
  4370 | D        | Gained mutation: You are partially covered in large bone plates (AC +2, SH +2). [potion of mutation]
  4442 | D        | Noticed Harold
  4442 | D        | Noticed Joseph
  4444 | D        | Killed Harold
  4445 | D        | Killed Joseph
  4464 | D        | Learned a level 1 spell: Apportation
  4467 | D        | Learned a level 2 spell: Shroud of Golubria
  4472 | D        | Learned a level 4 spell: Passage of Golubria
  4477 | D        | Noticed an orc high priest
  4477 | D        | Noticed an orc high priest
  4478 | D        | Noticed an orc priest
  4478 | D        | Noticed an orc high priest
  4479 | D        | Killed an orc high priest
  4488 | D        | Killed an orc high priest
  4488 | D        | Reached skill level 21 in Stealth
  4488 | D        | Reached skill level 1 in Charms
  4489 | D        | Killed an orc priest
  4494 | D        | Killed an orc high priest
  4620 | D        | Noticed an orange crystal statue
  4621 | D        | Noticed a spriggan defender
  4622 | D        | Noticed a spriggan defender
  4622 | D        | Noticed a spriggan defender
  4622 | D        | Noticed a spriggan defender
  4623 | D        | Killed a spriggan defender
  4624 | D        | Killed a spriggan defender
  4626 | D        | Killed a spriggan defender
  4627 | D        | Killed a spriggan defender
  4656 | D        | Noticed a ghost crab
  4658 | D        | Killed a ghost crab
  4683 | D        | Noticed a green ugly thing
  4684 | D        | Noticed a fire dragon
  4685 | D        | Killed a green ugly thing
  4688 | D        | Killed a fire dragon
  4694 | D        | Noticed a centaur warrior
  4694 | D        | Noticed a purple ugly thing
  4697 | D        | Killed a purple ugly thing
  4707 | D        | Killed a centaur warrior
  4722 | D        | Noticed a purple ugly thing
  4727 | D        | Killed a purple ugly thing
  4747 | D        | Noticed a dire flail of crushing
  4747 | D        | Noticed a vampiric hand axe
  4747 | D        | Noticed a dire flail of crushing
  4748 | D        | Noticed a war axe of flaming
  4749 | D        | Killed a vampiric hand axe
  4751 | D        | Killed a war axe of flaming
  4753 | D        | Killed a dire flail of crushing
  5026 | D        | Killed an orange crystal statue
  5140 | D        | Found Zusod's Jewellery Emporium.
  5140 | D        | Found Xatil's Distillery.
  5140 | D        | Found Uvomahi's Book Boutique.
  5140 | D        | Found Nerchikae's Distillery.
  5140 | D        | Found Avuhopt's Gadget Boutique.
  5140 | D        | Found Miff's Food Emporium.
  5140 | D        | Found Umiy's Antique Armour Shoppe.
  5140 | D        | Found Asoqe Olao's Antique Armour Shop.
  5140 | D        | Found Boowkied's Antique Weapon Shop.
  5140 | D        | Found Hevaze's Food Emporium.
  5140 | D        | Found Viakkep's Magic Scroll Emporium.
  5140 | D        | Found Irilipp's Antique Weapon Boutique.
  5175 | D        | Bought an opalescent robe for 148 gold pieces
  5185 | D        | Identified the +2 robe of Chill Winds {rPois rN+ rCorr MP+9} (You bought it in a shop in the Dungeon)
  5186 | D        | Bought a potion of brilliance for 52 gold pieces
  5186 | D        | Bought a potion of resistance for 130 gold pieces
  5194 | D        | Bought a translucent rapier for 279 gold pieces
  5195 | D        | Identified the +7 rapier of Chagrin {vamp, +Inv rElec rN+} (You bought it in a shop in the Dungeon)
  5197 | D        | Bought a scroll of identify for 20 gold pieces
  5199 | D        | Bought a scroll of magic mapping for 35 gold pieces
  5212 | D        | Noticed a crystal guardian
  5212 | D        | Noticed a crystal guardian
  5212 | D        | Noticed a crystal guardian
  5222 | D        | Bought a book of Clouds for 585 gold pieces
  5226 | D        | Learned a level 3 spell: Mephitic Cloud
  5234 | D        | Noticed a crystal guardian
  5235 | D        | Killed a crystal guardian
  5238 | D        | Killed a crystal guardian
  5241 | D        | Killed a crystal guardian
  5241 | D        | Reached skill level 1 in Poison Magic
  5244 | D        | Killed a crystal guardian
  5248 | D        | Killed Nessos
  5346 | D        | Killed a dire flail of crushing
  5346 | D        | Reached skill level 5 in Charms
  5346 | D        | Reached skill level 1 in Air Magic
  5387 | D        | Noticed a wolf spider
  5387 | D        | Noticed a yaktaur captain
  5387 | D        | Noticed a cyan ugly thing
  5387 | D        | Noticed a cyan ugly thing
  5388 | D        | Noticed a brown ugly thing
  5389 | D        | Killed a wolf spider
  5392 | D        | Killed a brown ugly thing
  5394 | D        | Killed a cyan ugly thing
  5395 | D        | Killed a cyan ugly thing
  5395 | D        | Reached skill level 22 in Stealth
  5441 | D        | Killed a yaktaur captain
  5441 | D        | Reached skill level 1 in Evocations
  5470 | D        | Noticed Chuck
  5473 | D        | Killed Chuck
  5476 | D        | Noticed a shock serpent
  5480 | D        | Killed a shock serpent
  5701 | D        | Noticed a red ugly thing
  5702 | D        | Noticed Norris
  5704 | D        | Killed a red ugly thing
  5708 | D        | Killed Norris
  5708 | D        | Reached XP level 14. HP: 64/64 MP: 37/37
  5737 | D        | Noticed a lich
  5740 | D        | Killed a lich
  5909 | D        | Killed the 27-headed Lernaean hydra
  5936 | D        | Noticed a five-headed hydra
  5944 | D        | Killed a five-headed hydra
  5950 | D        | Bought a scroll of identify for 28 gold pieces
  5950 | D        | Bought a scroll of identify for 28 gold pieces
  5950 | D        | Bought a scroll of identify for 28 gold pieces
  5950 | D        | Bought a scroll of identify for 28 gold pieces
  5992 | D        | Got a decaying rune of Zot
  6027 | D        | Killed an azure jelly
  6027 | D        | Reached skill level 23 in Stealth
  6027 | D        | Reached skill level 10 in Earth Magic
  6027 | D        | Reached skill level 5 in Evocations
  6029 | D        | Killed an azure jelly
  6031 | D        | Killed an azure jelly
  6032 | D        | Killed an azure jelly
  6109 | D        | Noticed a fire dragon simulacrum
  6109 | D        | Noticed a fire dragon simulacrum
  6109 | D        | Noticed a polar bear simulacrum
  6109 | D        | Killed a fire dragon simulacrum
  6110 | D        | Killed a polar bear simulacrum
  6112 | D        | Killed a fire dragon simulacrum
  6127 | D        | Killed a fire dragon simulacrum
  6537 | D        | Noticed a slime creature
  6539 | D        | Killed a slime creature
  6542 | D        | Noticed a slime creature
  6544 | D        | Killed a slime creature
  6545 | D        | Noticed a shadow dragon
  6545 | D        | Noticed an ogre mage
  6545 | D        | Noticed a shadow dragon
  6602 | D        | Killed a shadow dragon
  6602 | D        | Reached skill level 5 in Poison Magic
  6624 | D        | Killed an ogre mage
  6787 | D        | Noticed an obsidian statue
  6790 | D        | Noticed a slime creature
  6800 | D        | Killed an obsidian statue
  6953 | D        | Killed a slime creature
  6958 | D        | Killed a shadow dragon
  6958 | D        | Reached skill level 10 in Ice Magic
  7070 | D        | Noticed a skeletal warrior
  7071 | D        | Noticed an iron golem
  7072 | D        | Killed a skeletal warrior
  7072 | D        | Reached skill level 5 in Air Magic
  7073 | D        | Killed an iron golem
  7086 | D        | Noticed a necromancer
  7091 | D        | Killed a necromancer
  7131 | D        | Noticed a hell knight
  7131 | D        | Noticed a hell knight
  7132 | D        | Noticed a hell knight
  7132 | D        | Noticed a hell knight
  7133 | D        | Killed a hell knight
  7134 | D        | Killed a hell knight
  7136 | D        | Killed a hell knight
  7137 | D        | Killed a hell knight
  7147 | D        | Noticed a lich
  7149 | D        | Killed a lich
  7160 | D        | Noticed a mummy priest
  7161 | D        | Noticed a sphinx
  7161 | D        | Noticed a sphinx
  7162 | D        | Killed a mummy priest
  7162 | D        | Reached skill level 24 in Stealth
  7164 | D        | Killed a sphinx
  7164 | D        | Reached XP level 15. HP: 69/69 MP: 38/39
  7165 | D        | Killed a sphinx
  7165 | D        | Reached skill level 10 in Charms
  7261 | D        | Learned a level 6 spell: Freezing Cloud
  7263 | D        | Noticed a mummy priest
  7264 | D        | Noticed a guardian mummy
  7264 | D        | Noticed a mummy priest
  7265 | D        | Killed a mummy priest
  7266 | D        | Noticed a mummy priest
  7267 | D        | Killed a mummy priest
  7269 | D        | Killed a guardian mummy
  7443 | D        | Noticed a guardian mummy
  7444 | D        | Killed a mummy priest
  7445 | D        | Noticed a guardian mummy
  7446 | D        | Killed a guardian mummy
  7447 | D        | Noticed a mummy priest
  7447 | D        | Noticed a guardian mummy
  7448 | D        | Killed a guardian mummy
  7528 | D        | Killed a mummy priest
  7528 | D        | Reached skill level 15 in Hexes
  7530 | D        | Noticed a guardian mummy
  7530 | D        | Noticed a guardian mummy
  7531 | D        | Killed a guardian mummy
  7706 | D        | Noticed a mummy priest
  7707 | D        | Killed a guardian mummy
  7709 | D        | Killed a guardian mummy
  7711 | D        | Killed a mummy priest
  8162 | D        | Noticed a deep elf summoner
  8162 | D        | Noticed a deep elf summoner
  8162 | D        | Noticed a deep elf knight
  8162 | D        | Noticed a deep elf conjurer
  8162 | D        | Noticed a deep elf conjurer
  8168 | D        | Killed a deep elf knight
  8169 | D        | Noticed a deep elf demonologist
  8170 | D        | Killed a deep elf conjurer
  8172 | D        | Killed a deep elf summoner
  8174 | D        | Killed a deep elf conjurer
  8177 | D        | Killed a deep elf summoner
  8178 | D        | Noticed a deep elf annihilator
  8183 | D        | Noticed a deep elf annihilator
  8370 | D        | Killed a deep elf demonologist
  8375 | D        | Noticed a deep elf death mage
  8409 | D        | Killed a deep elf death mage
  8443 | D        | Noticed a deep elf death mage
  8443 | D        | Noticed a deep elf annihilator
  8445 | D        | Killed a deep elf annihilator
  8445 | D        | Reached skill level 15 in Transmutations
  8451 | D        | Killed a deep elf death mage
  8453 | D        | Killed a ghostly deep elf death mage
  8578 | D        | Noticed a deep elf master archer
  8765 | D        | Killed a deep elf master archer
  8767 | D        | Killed a deep elf annihilator
  8767 | D        | Reached skill level 25 in Stealth
  8767 | D        | Reached skill level 15 in Translocations
  8767 | D        | Killed a deep elf annihilator
  8943 | D        | Identified the Reference Book on Stones
  8943 | D        | Identified Sif Muna's Compendium of Earth
  8946 | D        | Got a wavering steel ring
  8951 | D        | Got a dazzling dagger
  8954 | D        | Got an encrusted plate armour
  8980 | D        | Got a clouded granite ring
  9017 | D        | Identified the ring of Ythuxomn {rPois rN+} (You found it in the Dungeon)
  9019 | D        | Identified the ring "Askietuq" {Ice Str+2 Dex+6} (You took it off a deep elf annihilator in the Dungeon)
  9147 | D        | Bought 3 scrolls of remove curse for 90 gold pieces
  9147 | D        | Bought a scroll of fear for 35 gold pieces
  9147 | D        | Bought a scroll of remove curse for 30 gold pieces
  9147 | D        | Bought a scroll of remove curse for 30 gold pieces
  9147 | D        | Bought a scroll of remove curse for 30 gold pieces
  9276 | D        | Bought an uncursed amulet of resist mutation for 520 gold pieces
  9276 | D        | Bought an uncursed ring of flight for 227 gold pieces
  9461 | D        | Noticed a yaktaur
  9461 | D        | Noticed a yaktaur
  9462 | D        | Noticed a yaktaur
  9464 | D        | Noticed a yaktaur
  9464 | D        | Killed a yaktaur
  9469 | D        | Killed a yaktaur
  9474 | D        | Killed a yaktaur
  9479 | D        | Killed a yaktaur
  9599 | D        | Noticed Azrael
  9601 | D        | Killed Azrael
  9666 | D        | Noticed a fire elementalist statue
  9666 | D        | Noticed a water elementalist statue
  9666 | D        | Noticed an earth elementalist statue
  9666 | D        | Noticed an air elementalist statue
  9668 | D        | Killed a water elementalist statue
  9670 | D        | Killed a fire elementalist statue
  9670 | D        | Reached skill level 10 in Conjurations
  9674 | D        | Killed an earth elementalist statue
  9675 | D        | Killed an air elementalist statue
  9821 | D        | Noticed an anaconda zombie
  9821 | D        | Noticed a stone giant skeleton
  9822 | D        | Noticed an anaconda zombie
  9822 | D        | Noticed Boris
  9822 | D        | Noticed a titan zombie
  9822 | D        | Noticed a seven-headed hydra simulacrum
  9823 | D        | Killed a titan zombie
  9825 | D        | Killed Boris
  9847 | D        | Killed an anaconda zombie
  9850 | D        | Killed an anaconda zombie
  9857 | D        | Killed a stone giant skeleton
  9874 | D        | Killed a seven-headed hydra simulacrum
 10050 | D        | Noticed an iron troll simulacrum
 10052 | D        | Killed an iron troll simulacrum
 10055 | D        | Noticed an eight-headed hydra simulacrum
 10057 | D        | Killed an eight-headed hydra simulacrum
 10162 | D        | Found Bujecro's Armour Emporium.
 10162 | D        | Found Derhu's Armour Shop.
 10162 | D        | Found Rymnaroy's Gadget Shop.
 10162 | D        | Found Oxuseukh's Gadget Shoppe.
 10162 | D        | Noticed an oklob plant
 10166 | D        | Noticed an oklob plant
 10178 | D        | Killed an oklob plant
 10179 | D        | Killed an oklob plant
 10184 | D        | Bought a +1 cloak for 161 gold pieces
 10322 | D        | Found Nylefibb's Food Boutique.
 10322 | D        | Noticed an iron troll simulacrum
 10326 | D        | Killed an iron troll simulacrum
 10335 | D        | Noticed Roxanne
 10341 | D        | Killed Roxanne
 10341 | D        | Reached skill level 10 in Evocations
 10431 | D        | Noticed a hornet
 10435 | D        | Killed a hornet
 10436 | D        | Noticed a hornet
 10441 | D        | Killed a hornet
 10446 | D        | Noticed a wasp
 10448 | D        | Killed a wasp
 10494 | D        | Noticed Mennas
 10495 | D        | Noticed a pristine statue
 10495 | D        | Noticed a pristine statue
 10553 | D        | HP: 3/69 [Mennas/scimitar of holy wrath (15)]
 10553 | D        | Mangled by Mennas

Vault maps used:
D:        dungeon_sprint_mu

Action                   |  1- 3 |  4- 6 |  7- 9 | 10-12 | 13-15 || total
-------------------------+-------+-------+-------+-------+-------++-------
Melee: Dagger            |    31 |     9 |    19 |   129 |    69 ||   257
       Rapier            |       |       |       |       |   112 ||   112
 Cast: Corona            |     2 |       |       |       |       ||     2
       Ensorcelled Hiber |     1 |     1 |     6 |    48 |    26 ||    82
       Dazzling Spray    |       |    11 |       |    53 |   100 ||   164
       Tukima's Dance    |       |     4 |       |     1 |     5 ||    10
       Confuse           |       |     1 |     1 |     1 |     7 ||    10
       Gell's Gravitas   |       |       |     1 |       |       ||     1
       Stone Arrow       |       |       |       |     7 |    30 ||    37
       Passwall          |       |       |       |     2 |     4 ||     6
       Petrify           |       |       |       |     1 |     3 ||     4
       Passage of Golubr |       |       |       |       |     5 ||     5
       Shroud of Golubri |       |       |       |       |     4 ||     4
       Mephitic Cloud    |       |       |       |       |     2 ||     2
       Stoneskin         |       |       |       |       |     3 ||     3
       Apportation       |       |       |       |       |     1 ||     1
       Lee's Rapid Decon |       |       |       |       |    14 ||    14
       Freezing Cloud    |       |       |       |       |     4 ||     4
Invok: Shadow Step       |       |       |     1 |    14 |    20 ||    35
 Abil: Evoke Flight      |       |       |       |       |     3 ||     3
       Evoke Invisibilit |       |       |       |       |     2 ||     2
  Use: Potion            |     1 |     5 |       |       |     4 ||    10
       Scroll            |       |     1 |       |     1 |    15 ||    17
 Stab: Sleeping          |     3 |     5 |    15 |    64 |    75 ||   162
       Invisible         |       |     1 |       |     9 |    12 ||    22
       Confused          |       |       |     2 |       |     1 ||     3
       Petrified         |       |       |       |     1 |     2 ||     3
       Distracted        |       |       |       |       |     1 ||     1
  Eat: Bread ration      |       |       |       |     1 |       ||     1
       Fruit             |       |       |       |       |     8 ||     8
